 Dungeon Crawl Stone Soup version 0.29.1-2-gbd0b4ee654 (webtiles) character file.

Game seed: 708868701491527599

34 xian the Trooper (level 3, 0/29 HPs)
             Began as a Demonspawn Berserker on Nov 27, 2022.
             Was a Follower of Trog.
             Slain by a kobold
             ... wielding a +0 whip
              (2 damage)
             ... on level 1 of the Dungeon.
             The game lasted 00:01:36 (1128 turns).

xian the Trooper (Demonspawn Berserker)             Turns: 1128, Time: 00:01:37

Health: 0/29       AC:  2    Str: 17    XL:     3   Next: 14%
Magic:  3/3        EV: 12    Int: 10    God:    Trog [*.....]
Gold:   25         SH:  5    Dex: 12    Spells: 2/2 levels left

rFire   . . .      SeeInvis .   a - +0 short sword
rCold   . . .      Faith    .   (no shield)
rNeg    . . .      Spirit   .   b - +0 animal skin
rPois   .          Reflect  +   (no helmet)
rElec   .          Harm     .   (no cloak)
rCorr   .          Rampage  .   (no gloves)
Will    .....                   (no boots)
Stlth   ..........              d - amulet of reflection
HPRegen 0.09/turn               (no ring)
MPRegen 0.08/turn               (no ring)

@: silenced, on berserk cooldown
A: claws 1, demonic magic 1
a: Renounce Religion


You were on level 1 of the Dungeon.
You worshipped Trog.
Trog was aware of your devotion.
You visited 1 branch of the dungeon, and saw 1 of its levels.

You collected 25 gold pieces.

Inventory:

Hand Weapons
 a - a +0 short sword (weapon)
Armour
 b - a +0 animal skin (worn)
Jewellery
 d - an amulet of reflection (around neck)


   Skills:
 + Level 3.4 Fighting
 + Level 3.3 Short Blades
 + Level 1.8 Armour
 + Level 2.1 Dodging


You had 2 spell levels left.
You didn't know any spells.
Your spell library was empty.

Dungeon Overview and Level Annotations

Branches:
Dungeon (1/15)

Altars:


Innate Abilities, Weirdness & Mutations

You have sharp fingernails.
Spells you cast may paralyse adjacent enemies.


Message History

You hit the endoplasm.
The endoplasm is almost dead.
The endoplasm freezes you.
You are frozen.
* * * LOW HITPOINT WARNING * * *
You hit the endoplasm.
You kill the endoplasm!
Trog accepts your kill.
Things that are here:
a +0 flail; a +0 sling Unknown command.
A dart slug comes into view.
The dart slug launches a dart at you. The slug dart hits you.
* * * LOW HITPOINT WARNING * * *
Things that are here:
a +0 flail; a +0 sling
Things that are here:
a +0 club; a hobgoblin corpse The dart slug launches a dart at you.
The slug dart hits you.
* * * LOW HITPOINT WARNING * * *
You see here a rat corpse.
The dart slug launches a dart at you. The slug dart misses you.
A kobold comes into view. It is wielding a +0 whip.
A kobold is nearby!
The kobold attacks as you move away! The kobold barely misses you.
You feel yourself speed up.
You closely miss the kobold. The kobold hits you with a +0 whip.
* * * LOW HITPOINT WARNING * * *
You aren't carrying any potions.
Okay, then.
You don't know any spells.
You don't know any spells.
Unknown command.
As you read the scroll labelled DEEFITT OCHUWN, it crumbles to dust.
A profound silence engulfs you.
It was a scroll of silence.
The kobold hits you with a +0 whip.
You die...

#..........# #... #.........#
#... #........# #... #........#
#... #.......# ##### ♣##...
##.......######...♣♣♣PP♣#...
#.....w...))†.#..♣♣P..P♣♣...
#..#.#########.#..P..PP♣ ♣...
#.............@K......PP..♣♣...
...###..#########.#..♣..PP ♣...
## #..#..........#'#♣♣♣P #...
........#.K#..#.# .+...
###.#.......####.# #.#...
#.#............# #.#...
#...#..####### #.#...
#...#..###...### #.#... ...
#..........####.####


You could see a kobold.

Vanquished Creatures
  A gnoll (D:1)
  4 ball pythons (D:1)
  2 bats (D:1)
  3 endoplasms (D:1)
  2 goblins (D:1)
  3 hobgoblins (D:1)
  2 kobolds (D:1)
  2 quokkas (D:1)
  3 rats (D:1)
22 creatures vanquished.

Notes
Turn   | Place    | Note
-------+----------+-------------------------------------------
     0 | D:1      | xian the Demonspawn Berserker began the quest for the Orb.
     0 | D:1      | Reached XP level 1. HP: 18/18 MP: 1/1
   265 | D:1      | Gained mutation: Spells you cast may paralyse adjacent
                  | enemies. [demonic ancestry]
   265 | D:1      | Reached XP level 2. HP: 23/24 MP: 2/2
  1099 | D:1      | Gained mutation: You have sharp fingernails. [demonic
                  | ancestry]
  1099 | D:1      | Reached XP level 3. HP: 19/29 MP: 3/3
  1128 | D:1      | Slain by a kobold

Illustrated notes

Levels and vault maps discovered:
D:1:      ncdulo_smallfort, layout_basic, shapermc_ecumenical_altar_notcrosses,
          serial_forest, infiniplex_forest_end_2, infiniplex_forest_fountain,
          infiniplex_forest_straight_1, infiniplex_forest_straight_2,
          infiniplex_forest_lined_1, infiniplex_forest_clump_tiny,
          infiniplex_forest_lined_ring, minmay_hedge_maze, minmay_heptomino_w4

Skill      XL: |  1  2 |
---------------+-------+-----
Dodging        | 2 |  2.1
Short Blades   | 3 |  3.3
Fighting       | |  3.4
Armour         | |  1.8

Action                   || total
-------------------------++-------
Melee: Short sword       ||    76
Invok: Berserk           ||     4
  Use: Scroll            ||     1
Armor: Animal skin       ||    20
Dodge: Dodged            ||    66
Block: Other             ||     5
